 Dungeon Crawl Stone Soup version 0.31-a0-1071-gaead2f62b1 (webtiles) character file.

Game seed: 13408338200135171326

57971 Firecrotchwizard the Warrior (level 14, -2/98 HPs)
             Began as a Tengu Berserker on Nov 25, 2023.
             Was the Champion of Trog.
             Killed from afar by Jorgrun (24 damage)
             ... with an iron shot
             ... on level 15 of the Dungeon on Nov 26, 2023.
             The game lasted 00:41:33 (18526 turns).

Firecrotchwizard the Warrior (Tengu Berserker)     Turns: 18526, Time: 00:41:34

Health: -2/98      AC: 13    Str: 18    XL:     14   Next: 88%
Magic:  5/5        EV: 14    Int:  9    God:    Trog [******]
Gold:   1286       SH:  5    Dex: 17    Spells: 13/13 levels left

rFire   + . .        y - +3 scimitar (antimagic)
rCold   . . .        J - +0 buckler
rNeg    + . .        r - +0 steam dragon scales
rPois   .            d - +2 hat {SInv}
rElec   .            w - +2 cloak
rCorr   .            (no gloves)
SInv    +            (boots unavailable)
Will    +....        E - amulet of regeneration
Stlth   ++           m - ring of positive energy
HPRegen 1.16/turn    q - ring of protection from fire
MPRegen 0.09/turn

%: acrobat
@: petrifying, on berserk cooldown, flying, very slow
A: beak, talons 3, evasive flight, acrobatic
a: Renounce Religion, Berserk, Trog's Hand, Brothers in Arms


You were on level 15 of the Dungeon.
You worshipped Trog.
Trog was exalted by your worship.
You visited 2 branches of the dungeon, and saw 20 of its levels.
You also visited: Bailey.

You collected 1286 gold pieces.

Inventory:

Hand Weapons
 a - a +5 scimitar
 y - a +3 antimagic scimitar (weapon)
 G - the +8 long sword of Fofiqog {flame, Fly rPois Str-5 Int+2}
   (You found it on level 10 of the Dungeon)

   Str-5:     It affects your strength (-5).
   Int+2:     It affects your intelligence (+2).
   rPois:     It protects you from poison Fly: It grants you flight.
 P - a +2 great sword of flaming
Missiles
 j - 14 poisoned darts
 B - 2 throwing nets {@!f}
Armour
 d - a +2 hat of see invisible (worn)
 r - +0 steam dragon scales (worn)
 w - a +2 cloak (worn)
 C - a +0 chain mail of poison resistance
 J - a +0 buckler (worn)
Jewellery
 m - a ring of positive energy (left hand)
 q - a ring of protection from fire (right hand)
 u - a ring of positive energy
 z - a ring of protection from fire
 E - an amulet of regeneration (around neck)
 M - a ring of fire
Wands
 b - a wand of polymorph (9)
 s - a wand of mindburst (22)
 x - a wand of iceblast (12)
 A - a wand of paralysis (17)
 L - a wand of light (4)
 Q - a wand of flame (22)
Scrolls
 f - 5 scrolls of fog
 g - 3 scrolls of blinking
 h - 2 scrolls of noise
 i - 6 scrolls of identify
 t - 5 scrolls of teleportation
 N - a scroll of revelation
 O - 4 scrolls of immolation
 S - a scroll of vulnerability
 T - a scroll of silence {unknown}
 U - a scroll of enchant armour
 V - a scroll of torment
Potions
 c - 3 potions of enlightenment
 e - 3 potions of ambrosia
 k - a potion of cancellation
 l - 4 potions of curing
 n - 5 potions of brilliance
 o - 4 potions of might
 p - 2 potions of magic
 v - 4 potions of berserk rage
 D - 3 potions of invisibility
 H - 2 potions of resistance
 I - 2 potions of haste
 K - a potion of mutation
 R - 3 potions of lignification
Miscellaneous
 F - a phial of floods


   Skills:
 - Level 15.3 Fighting
 - Level 14.0 Long Blades
 - Level 12.8 Armour
 - Level 12.8 Dodging
 - Level 4.0 Shields
 + Level 3.2 Evocations


You had 13 spell levels left.
You didn't know any spells.
Your spell library was empty.

Dungeon Overview and Level Annotations

Branches:
Dungeon (15/15)            Temple (0/1) D:4            Lair (5/5) D:9
 Shoals (0/4) Lair:2        Snake (0/4) Lair:2        Slime (0/5) Lair:4
    Orc (0/2) D:11         Bailey (visited)
 Vaults: D:13-14     Depths: D:15

Altars:
Cheibriados
Dithmenos
Elyvilon
Nemelex Xobeh
Okawaru
Qazlal
Ru
Uskayaw
Vehumet
Wu Jian
Xom
Zin
Jiyva

Shops:
D:9 *

Annotations:
D:15 Jorgrun


Innate Abilities, Weirdness & Mutations

You have a beak for a mouth.
You have claws for feet.
Your magical flight helps you evade attacks. (EV +4)
You can magically evade attacks while moving or waiting.


Message History

Jorgrun is lightly wounded.
A centaur comes into view.
Jorgrun hits you with a +0 heavy quarterstaff!
You closely miss Jorgrun.
The centaur shouts!
Your kick misses Jorgrun.
Jorgrun is lightly wounded.
Jorgrun's magic is no longer disrupted.
The centaur warrior hits you but does no damage.
The centaur warrior closely misses you.
You slash Jorgrun!
Jorgrun's magic leaks into the air.
Your kick misses Jorgrun.
Jorgrun is lightly wounded.
The centaur misses you.
The centaur kicks you but does no damage.
You block the centaur warrior's attack. The centaur warrior closely misses you.
Jorgrun falters for a moment.
You block the centaur's attack. The centaur closely misses you.
You hit Jorgrun.
Jorgrun's magic leaks into the air.
Jorgrun is lightly wounded.
The centaur warrior hits you!
The centaur warrior kicks you but does no damage.
Jorgrun hits you with a +0 heavy quarterstaff!!
* * * LOW HITPOINT WARNING * * *
The centaur closely misses you.
The centaur kicks you but does no damage.
The centaur warrior closely misses you.
The centaur warrior kicks you but does no damage.
You're still recovering from your berserk rage.
You hit Jorgrun.
Jorgrun's magic leaks into the air.
Your kick misses Jorgrun.
Jorgrun is lightly wounded.
You feel yourself speed up. The centaur barely misses you.
The centaur kicks you but does no damage.
The centaur warrior hits you but does no damage.
The centaur warrior kicks you.
* * * LOW HITPOINT WARNING * * *
Jorgrun falters for a moment.
The centaur hits you but does no damage.
The centaur completely misses you.
The dire elephant trumpets!
You slash Jorgrun!
Jorgrun's magic leaks into the air.
You peck Jorgrun.
Jorgrun is moderately wounded.
The centaur warrior barely misses you.
The centaur warrior kicks you but does no damage.
You block the centaur's attack. The centaur closely misses you.
Jorgrun falters for a moment.
You hit Jorgrun.
Jorgrun's magic leaks into the air.
You claw Jorgrun.
Jorgrun is moderately wounded.
The centaur warrior hits you but does no damage.
The centaur warrior barely misses you. The centaur closely misses you.
The centaur completely misses you.
You slash Jorgrun!
Jorgrun's magic leaks into the air.
You claw Jorgrun. Your peck misses Jorgrun.
Jorgrun is heavily wounded.
The centaur warrior misses you. The centaur warrior kicks you.
* * * LOW HITPOINT WARNING * * *
Jorgrun completely misses you. You block the centaur's attack.
The centaur completely misses you.
The centaur warrior completely misses you.
The centaur warrior kicks you but does no damage.
You barely miss Jorgrun. You claw Jorgrun!
Jorgrun is heavily wounded.
You block the centaur's attack. The centaur kicks you.
* * * LOW HITPOINT WARNING * * *
The centaur warrior barely misses you.
The centaur warrior completely misses you.
You completely miss Jorgrun. You claw Jorgrun. You peck Jorgrun.
Jorgrun is heavily wounded.
The centaur hits you but does no damage.
The centaur misses you.
Jorgrun falters for a moment.
The centaur warrior misses you.
The centaur warrior kicks you but does no damage.
You closely miss Jorgrun. You claw Jorgrun, but do no damage.
Jorgrun is heavily wounded.
The centaur completely misses you. The centaur misses you.
The centaur warrior hits you!
* * * LOW HITPOINT WARNING * * *
The centaur warrior kicks you but does no damage.
You block Jorgrun's attack.
You miss Jorgrun. Your kick misses Jorgrun. You peck Jorgrun.
Jorgrun is heavily wounded.
The centaur misses you. x2; The centaur warrior closely misses you.
The centaur warrior completely misses you.
The centaur hits you but does no damage.
The centaur misses you.
You closely miss Jorgrun.
Jorgrun is heavily wounded.
The centaur warrior hits you but does no damage.
The centaur warrior closely misses you.
Jorgrun points at you and mumbles some strange words.
You are slowing down.
The centaur misses you. You block the centaur's attack.
You hit Jorgrun.
Jorgrun's magic leaks into the air.
Your kick misses Jorgrun.
Jorgrun is heavily wounded.
The centaur warrior misses you. x2; The centaur barely misses you.
The centaur misses you. Jorgrun gestures at you while chanting.
The iron shot hits you!!!
You die...

## #. #. #.
#########.
#........
#.....c#.#
#.....ccc######
#....cYg@.....#
#.....c#.######
........#.#
c.#......#.#
c........#.# ..
#.# . #.# #.#


You could see Jorgrun (magic disrupted), a dire elephant, a centaur warrior and
5 centaurs.

Vanquished Creatures
  Azrael (D:15)
  The ghost of pokeman the Eclecticist, a journeyman DEHW of Vehumet (D:12)
  2 catoblepae
  3 centaur warriors (D:13)
  7 hydras
  A merfolk avatar (Lair:5)
  2 boulder beetles
  2 two-headed ogres
  2 sea snakes (Lair:4)
  3 harpies (Lair:5)
  4 cyclopes
  A salamander (Lair:2)
  3 deep elf pyromancers
  4 black mambas
  24 elephants
  8 cane toads
  2 gargoyles
  Jeremiah (D:7)
  An unseen horror (D:12)
  A torpor snail (Lair:4)
  A freezing wraith (D:14)
  2 rime drakes
  8 komodo dragons
  An efreet (D:13)
  3 trolls
  3 polar bears (Lair:5)
  13 blink frogs
  2 hornets
  Grinder (D:6)
  11 dream sheep
  12 slime creatures
  2 vampires (D:8)
  A shadow (D:10)
  24 yaks
  A wraith (D:11)
  4 wyverns
  2 fire elementals (D:15)
  9 basilisks
  3 steam dragons
  11 vampire mosquitoes
  2 nagas (Lair:2)
  15 water moccasins
  A hell hound (D:15)
  5 orc warriors
  3 ice beasts
  A sky beast (D:4)
  A black bear (D:5)
  An ogre (D:5)
  15 centaurs
  14 wolves
  A phantom (D:4)
  12 bullfrogs
  3 scorpions
  5 gnoll sergeants
  3 wights (D:6)
  9 killer bees
  7 howler monkeys
  4 jellies
  3 hounds
  11 orc priests
  4 gnoll boudas
  Terence (D:2)
  5 iguanas
  19 orc wizards
  22 gnolls
  4 adders
  2 white imps (D:6)
  2 ufetubi (D:5)
  2 worms
  2 dart slugs
  87 orcs
  7 ball pythons
  13 endoplasms
  4 giant cockroaches
  11 goblins
  13 hobgoblins
  6 jackals (D:1)
  4 quokkas
  6 bats
  8 frilled lizards
  5 kobolds
  3 rats
533 creatures vanquished.

Vanquished Creatures (others)
  A blink frog (Lair:5)
  A meliai simulacrum (D:15)
2 creatures vanquished.

Grand Total: 535 creatures vanquished

Notes
Turn   | Place    | Note
-------+----------+-------------------------------------------
     0 | D:1      | Firecrotchwizard the Tengu Berserker began the quest for
                  | the Orb.
     0 | D:1      | Reached XP level 1. HP: 14/14 MP: 2/2
   106 | D:1      | Reached XP level 2. HP: 12/19 MP: 3/3
   222 | D:1      | Reached XP level 3. HP: 23/23 MP: 4/4
   231 | D:1      | Reached ** piety under Trog
  1004 | D:2      | Found a sparkling altar of Nemelex Xobeh.
  1017 | D:2      | Reached XP level 4. HP: 28/28 MP: 5/5
  1071 | D:2      | Noticed Terence
  1094 | D:2      | Killed Terence
  1095 | D:2      | Reached skill level 5 in Long Blades
  1307 | D:2      | Reached *** piety under Trog
  1927 | D:3      | Reached skill level 4 in Fighting
  1949 | D:3      | Reached XP level 5. HP: 33/33 MP: 6/6
  2396 | D:4      | Noticed a water moccasin
  2410 | D:4      | HP: 1/33 [poisoned by a water moccasin]
  2413 | D:4      | Killed a water moccasin
  2414 | D:4      | Reached XP level 6. HP: 29/39 MP: 7/7
  2494 | D:4      | Found a shimmering altar of Xom.
  2495 | D:4      | Found a glowing silver altar of Zin.
  2495 | D:4      | Noticed an angel
  2601 | D:4      | Noticed a sky beast
  2606 | D:4      | Killed a sky beast
  2779 | D:4      | Found a snail-covered altar of Cheibriados.
  3079 | D:4      | Found a sacrificial altar of Ru.
  3079 | D:4      | Found a radiant altar of Vehumet.
  3080 | D:4      | Found a white marble altar of Elyvilon.
  3099 | D:4      | Found a staircase to the Ecumenical Temple.
  3655 | D:5      | Entered Level 5 of the Dungeon
  3673 | D:5      | Reached skill level 5 in Fighting
  3673 | D:5      | Gained mutation: Your magical flight helps you evade
                  | attacks. (EV +4) [Tengu growth]
  3673 | D:5      | Reached XP level 7. HP: 8/44 MP: 8/8
  3687 | D:4      | HP: 1/66 [phantom (6)]
  4407 | D:5      | Found an ornate altar of the Wu Jian Council.
  4494 | D:5      | Reached XP level 8. HP: 27/51 MP: 9/9
  4919 | D:5      | Reached skill level 6 in Fighting
  5094 | D:6      | Found a stormy altar of Qazlal.
  5170 | D:6      | Reached **** piety under Trog
  5356 | D:6      | Reached skill level 10 in Long Blades
  5460 | D:6      | Reached skill level 7 in Fighting
  5535 | D:6      | Noticed Grinder
  5538 | D:6      | Killed Grinder
  5539 | D:6      | Reached XP level 9. HP: 57/57 MP: 10/10
  5763 | D:7      | Noticed Jeremiah
  5771 | D:7      | Killed Jeremiah
  6548 | D:8      | Reached skill level 8 in Fighting
  6788 | D:8      | Noticed a deep elf pyromancer
  6804 | D:8      | Killed a deep elf pyromancer
  6805 | D:8      | Reached XP level 10. HP: 65/65 MP: 11/11
  7010 | D:8      | Noticed a deep elf pyromancer
  7018 | D:8      | Killed a deep elf pyromancer
  7019 | D:8      | Reached skill level 9 in Fighting
  7117 | D:8      | Noticed a two-headed ogre
  7124 | D:8      | Killed a two-headed ogre
  7565 | D:9      | Found Opocsod's Overcharged Wands.
  7720 | D:9      | Found a flagged portal.
  7761 | Bailey   | Entered a bailey
  8152 | D:9      | Found a hide-covered altar of Uskayaw.
  8152 | D:9      | Found an iron altar of Okawaru.
  8198 | D:9      | Found a staircase to the Lair.
  8467 | D:10     | Entered Level 10 of the Dungeon
  8544 | D:10     | Identified the +8 long sword of Fofiqog {flame, Fly rPois
                  | Str-5 Int+2}
  8624 | Lair:1   | Entered Level 1 of the Lair of Beasts
  8630 | Lair:1   | Reached skill level 10 in Fighting
  8630 | Lair:1   | Reached XP level 11. HP: 64/72 MP: 12/12
  8740 | Lair:1   | Reached skill level 5 in Armour
  8979 | Lair:1   | Found a shadowy altar of Dithmenos.
  8986 | Lair:1   | Reached skill level 5 in Dodging
  9771 | Lair:2   | Found a staircase to the Shoals.
  9936 | Lair:2   | Found a staircase to the Snake Pit.
  9936 | Lair:2   | Noticed a salamander
  9960 | Lair:2   | Killed a salamander
 10044 | Lair:2   | Reached skill level 11 in Fighting
 10440 | Lair:2   | Reached XP level 12. HP: 80/80 MP: 13/13
 10833 | Lair:3   | Reached ***** piety under Trog
 11020 | Lair:3   | Noticed a catoblepas
 11038 | Lair:3   | Killed a catoblepas
 11065 | Lair:3   | Reached skill level 12 in Fighting
 11752 | Lair:4   | Noticed a six-headed hydra
 11841 | Lair:4   | Received a gift from Trog
 11903 | Lair:4   | Killed a one-headed hydra
 11994 | Lair:4   | Reached XP level 13. HP: 57/87 MP: 14/14
 12175 | Lair:4   | Reached skill level 10 in Armour
 12175 | Lair:4   | Reached skill level 10 in Dodging
 12282 | Lair:4   | Found a viscous altar of Jiyva.
 12293 | Lair:4   | Found a staircase to the Slime Pits.
 12369 | Lair:4   | Reached skill level 13 in Fighting
 12746 | Lair:5   | Entered Level 5 of the Lair of Beasts
 14317 | Lair:5   | Reached skill level 14 in Fighting
 14628 | Lair:5   | Reached XP level 14. HP: 90/96 MP: 15/15
 15077 | Lair:4   | Identified the amulet "Vuost" {Acrobat *Corrode rPois Int+8
                  | Dex-2}
 15675 | D:10     | Reached skill level 1 in Shields
 16098 | D:11     | Reached ****** piety under Trog
 16350 | D:11     | Received a gift from Trog
 16395 | D:11     | Found a staircase to the Orcish Mines.
 16743 | D:12     | Found a runed translucent gate.
 16746 | D:12     | Found a runed translucent gate.
 16746 | D:12     | Found a runed translucent gate.
 16747 | D:12     | Noticed pokeman's ghost (journeyman DEHW)
 16765 | D:12     | Killed pokeman's ghost
 17145 | D:12     | Reached skill level 15 in Fighting
 18343 | D:14     | Reached skill level 1 in Evocations
 18429 | D:14     | You are sucked into a shaft and drop 1 floor!
 18429 | D:15     | Entered Level 15 of the Dungeon
 18431 | D:15     | Found Gamawifa's Antique Weapon Shop.
 18467 | D:15     | Noticed Azrael
 18484 | D:15     | Noticed a dire elephant
 18484 | D:15     | Noticed an emperor scorpion
 18484 | D:15     | Noticed Jorgrun
 18484 | D:15     | Killed Azrael
 18526 | D:15     | Killed from afar by Jorgrun

Illustrated notes

Levels and vault maps discovered:
D:1:      eino_arrival_tree_alley, layout_basic, serial_rivers,
          chequers_serial_rivers_micro_c, chequers_serial_rivers_micro_e,
          chequers_serial_rivers_small_3, chequers_serial_rivers_micro_d,
          minmay_hexomino_c4
D:2:      layout_basic, basic_altar, uniq_terence
D:3:      layout_basic, kennysheep_generic_room_3
D:4:      layout_loops_corners, grunt_temple_overflow_order_and_chaos_1,
          chei_slow_surprise, chequers_temple_overflow_statue_of_worship,
          minmay_temple_entry_butterflies
D:5:      layout_cave_pools, nzn_wu_jian_contemplation,
          chequers_decorated_corner
D:6:      layout_rooms, nicolae_overflow_hidden_temple, uniq_grinder
D:7:      layout_basic, kennysheep_another_room, uniq_jeremiah
D:8:      layout_rooms, serial_library_regret_index_headful
D:9:      layout_cross, gammafunk_temple_overflow_elements, lair_entry_dummy,
          enter_bailey_6, nicolae_shop_overcharged_wands
D:10:     layout_cave_pools, abandoned_shop
D:11:     layout_gridville, hiddenorc2_lemuel
D:12:     layout_roguey, ebering_ghost_rock_garden
D:13:     layout_irregular_city
D:14:     layout_cave_pools, grunt_vaults_entry_fortified,
          chequers_serial_rivers_micro_b
D:15:     hangedman_depths_entry_try_elsewhere_first, layout_basic,
          grunt_gozag_statues, serial_shops, shop, hangedman_decor_peaks_small,
          uniq_azrael, uniq_jorgrun, uniq_rupert
Lair:1:   layout_cave_pods, basic_altar, minivault_11
Lair:2:   layout_gridlike, elwin_shoals_entry_rocks, alex1729_snake_entry_snake,
          patterned_corridor, grunt_megastairs_4
Lair:3:   layout_regular_city, dreamdust_gnoll_shepherd
Lair:4:   layout_small_grid, nicolae_slime_entry_slimehenge,
          kennysheep_catoblepas_arena
Lair:5:   gammafunk_lair_ancient_temple, layout_cave_pods, nicolae_lair_lil_pond

Skill      XL: |  1  2  3  4  5  6  7  8  9 10 11 12 13 14 |
---------------+-------------------------------------------+-----
Long Blades    | 4 5 6 7 8 10 12 14 | 14.0
Fighting       | 4 5 7 8 10 11 12 14 15 | 15.3
Armour         | 4 7 9 11 12 | 12.8
Dodging        | 4 7 9 11 12 | 12.8
Shields        | 4 |  4.0
Evocations     | 3 |  3.2

Action                     |  1- 3 |  4- 6 |  7- 9 | 10-12 | 13-15 || total
---------------------------+-------+-------+-------+-------+-------++-------
  Melee: Falchion          |    94 |   100 |       |       |       ||   194
         Kick              |    21 |    36 |    53 |   190 |   268 ||   568
         Peck              |    12 |    19 |    35 |   142 |   175 ||   383
         Punch             |       |     2 |     4 |     1 |       ||     7
         Trident           |       |    47 |    62 |       |       ||   109
         Scimitar          |       |       |   128 |   143 |    38 ||   309
         Long sword        |       |       |    25 |   388 |   686 ||  1099
  Throw: Dart              |       |     2 |     5 |     1 |       ||     8
 Invoke: Berserk           |       |     2 |     2 |     5 |     4 ||    13
         Trog's Hand       |       |     1 |     3 |     2 |     2 ||     8
  Evoke: Wand              |       |       |    10 |     4 |       ||    14
    Use: Scroll            |       |     7 |     5 |    10 |     7 ||    29
         Potion            |       |     1 |       |       |     2 ||     3
   Stab: Sleeping          |     1 |       |       |       |       ||     1
 Armour: Animal skin       |    16 |       |       |       |       ||    16
         Ring mail         |    21 |    93 |   117 |       |       ||   231
         Chain mail        |       |       |     4 |   102 |       ||   106
         Scale mail        |       |       |       |   215 |   209 ||   424
         Steam dragon scal |       |       |       |       |   174 ||   174
  Dodge: Dodged            |    60 |    97 |   198 |   434 |   688 ||  1477
  Block: Buckler           |       |       |       |    61 |   173 ||   234

Table legend: (Time is in decaauts)
 A = Elapsed time spent in this place.
 B = Non-inter-level travel time spent in this place.
 C = Inter-level travel time spent in this place.
 D = Time resting spent in this place.
 E = Time spent auto-exploring this place.
 F = Levels seen in this place.
 G = Mean time per level.
                   A        B        C        D        E       F      G
               +--------+--------+--------+--------+--------+-----+--------+
         Total |  18374 |  17446 |    928 |   3450 |  10600 |  21 |  875.0 |
       Dungeon |  11412 |  10913 |    499 |   1629 |   7247 |  15 |  760.8 |
          Lair |   6604 |   6175 |    429 |   1646 |   3306 |   5 | 1320.8 |
        Bailey |    357 |    357 |      0 |    174 |     47 |   1 |  357.0 |
               +--------+--------+--------+--------+--------+-----+--------+

Top non-repeatable levels by time:
  Lair:5: 1752 daAuts
  Lair:4: 1705 daAuts
     D:4: 1655 daAuts
     D:5: 1128 daAuts
  Lair:2: 1127 daAuts
  Lair:1: 1076 daAuts
    D:12: 958 daAuts
  Lair:3: 943 daAuts
     D:7: 924 daAuts
     D:8: 894 daAuts
     D:2: 849 daAuts
     D:1: 811 daAuts
    D:13: 768 daAuts
     D:9: 768 daAuts
     D:3: 657 daAuts
